 Dungeon Crawl Stone Soup version 0.31-a0-675-g238779eb0a (webtiles) character file.

Game seed: 3801847353306743649

167 qw the Shooter (level 5, -12/32 HPs)
             Began as a Gargoyle Hunter on Sept 5, 2023.
             Killed from afar by an acid dragon (29 damage)
             ... with a splash of acid
             ... on level 4 of the Dungeon.
             The game lasted 00:01:05 (2806 turns).

qw the Shooter (Gargoyle Hunter)                    Turns: 2806, Time: 00:01:05

Health: -12/32     AC:  6    Str: 18    XL:     5   Next: 48%
Magic:  5/5        EV: 12    Int: 12    God:
Gold:   166        SH:  0    Dex: 18    Spells: 4/4 levels left

rFire   . . .        Y - +0 shortbow
rCold   + . .        (shield currently unavailable)
rNeg    + . .        b - +0 robe "Ytugiuno" {rC+ Str+3 Int+3 Dex+3}
rPois   inf          h - +0 helmet
rElec   +            (no cloak)
rCorr   .            g - +1 pair of gloves
SInv    +            e - +0 pair of boots
Will    .....        (no amulet)
Stlth   ++           j - ring of see invisible
HPRegen 0.25/turn    (no ring)
MPRegen 0.09/turn

%: no passive effects
@: corroded
A: sickness immunity, AC +4, negative energy resistance 1, electricity
resistance, torment resistance 1, petrification resistance
a: no special abilities


You were on level 4 of the Dungeon.
You visited 1 branch of the dungeon, and saw 4 of its levels.

You collected 166 gold pieces.


Innate Abilities, Weirdness & Mutations

You are immune to sickness and miasma.
Your stone body is resilient. (AC +4)
You are immune to poison.
You resist negative energy. (rN+)
You are resistant to electric shocks. (rElec)
You are resistant to unholy torment.
You are immune to petrification.


   Skills:
 - Level 3.4 Fighting
 - Level 6.0 Ranged Weapons
 - Level 1.0 Armour
 + Level 1.5 Dodging
 - Level 1.1 Stealth


You had 4 spell levels left.
You didn't know any spells.
Your spell library was empty.

Inventory:

Hand Weapons
 Y - a +0 shortbow (weapon)
Armour
 b - the +0 robe "Ytugiuno" (worn) {rC+ Str+3 Int+3 Dex+3}
   (You found it on level 2 of the Dungeon)

   Str+3:     It affects your strength (+3).
   Int+3:     It affects your intelligence (+3).
   Dex+3:     It affects your dexterity (+3).
   rC+:       It protects you from cold.
 e - a +0 pair of boots (worn)
 g - a +1 pair of gloves (worn)
 h - a +0 helmet (worn)
Jewellery
 j - a ring of see invisible (left hand)
Scrolls
 f - a scroll of identify
Potions
 a - 2 potions of curing
 i - a potion of cancellation {unknown}
 l - a potion of berserk rage {unknown}

Dungeon Overview and Level Annotations

Branches:
Dungeon (4/15)
 Temple: D:4-7

Altars:
Cheibriados
Fedhas

Shops:
D:3 [


Message History

You shoot an arrow. The arrow hits the jackal!
You kill the jackal!
Your Ranged Weapons skill increases to level 6!
You enter the shallow water.
Moving in this stuff is going to be slow.
You enter the shallow water.
Moving in this stuff is going to be slow.
You enter the shallow water.
Moving in this stuff is going to be slow.
You enter the shallow water.
Moving in this stuff is going to be slow.
You enter the shallow water.
Moving in this stuff is going to be slow.
An acid dragon is nearby!
Enter note:
Enter note: You shoot an arrow.
The acid dragon roars!
The arrow hits the acid dragon but does no damage.
You shoot an arrow.
The arrow hits the acid dragon but does no damage.
You shoot an arrow.
The arrow closely misses the acid dragon.
You shoot an arrow.
The arrow closely misses the acid dragon.
The acid dragon spits acid at you. The splash of acid hits you!
The acid corrodes you!
You shoot an arrow.
The arrow hits the acid dragon but does no damage.
You shoot an arrow.
The arrow barely misses the acid dragon.
You shoot an arrow. The arrow hits the acid dragon.
The acid dragon is lightly wounded.
The acid dragon bites you. The acid dragon barely misses you.
You shoot an arrow.
The arrow closely misses the acid dragon.
The acid dragon spits acid at you. The splash of acid hits you!!
Ouch! That really hurt!
You die...

#...##..# #..#####...### ##....
.....#..## #.....#......# ##...
......#..####.####...~~P~### ##.#
####..###....## ###.~)P~~P####.#
#####.# ####.# ##.~~~P~~P~...#
..##..## #### ##.#~.~%7~~.~...
.......## #.# ##..##~.P%~~7~.~~
.###.#..#####.###.#.###~~~~~~7~~~
................@##...####.~P~7~~
.####.....####.D#####........~7~7
.#?.##...##.)#..# ##.####~~~~77
.#...##.##...#..# #..###~~~7~~
.##...#.#)..##..# ##.##~PP~777
..##.)#.#).##...# ##~P.~~~7~7~~
...###...###....# #.P~~~~~~~~P~
.......8........# #~~~7~~~~P.~#
...###...###...## #~~P..P.~~###


You could see an acid dragon (catching breath).

Vanquished Creatures
  Jessica (D:2)
  Robin (D:2)
  4 adders
  A worm (D:4)
  4 dart slugs
  4 orcs
  7 ball pythons
  3 endoplasms
  3 giant cockroaches
  16 goblins
  4 hobgoblins
  3 jackals (D:4)
  5 quokkas
  3 bats (D:2)
  4 frilled lizards
  9 kobolds
  3 rats
75 creatures vanquished.

Notes
Turn   | Place    | Note
-------+----------+-------------------------------------------
     0 | D:1      | qw the Gargoyle Hunter began the quest for the Orb.
     0 | D:1      | Reached XP level 1. HP: 12/12 MP: 1/1
     0 | D:1      | 0 ||| qw: Version: 0.3-a-75-g829b12e
     0 | D:1      | 0 ||| qw: Game counter: 139
     0 | D:1      | 0 ||| qw: Melee chars always use a shield: true
     0 | D:1      | 0 ||| qw: God list: Okawaru
     0 | D:1      | 0 ||| qw: Allow faded altars: false
     0 | D:1      | 0 ||| qw: Do Orc after clearing Dungeon:15 true
     0 | D:1      | 0 ||| qw: Do second Lair branch before Depths: true
     0 | D:1      | 0 ||| qw: Lair rune preference: random
     0 | D:1      | 0 ||| qw: Goals: Normal
     0 | D:1      | 0 ||| PLANNING D:1-11
   310 | D:1      | Reached XP level 2. HP: 17/17 MP: 2/2
   448 | D:1      | 448 ||| UPGRADING to +1 pair of gloves.
   453 | D:1      | 453 ||| DROPPING ring of flight.
   454 | D:1      | 454 ||| READING scroll labelled HEIMEEK GASAR.
   455 | D:1      | 455 ||| READING 2 scrolls labelled GISHRE YCICS.
   456 | D:1      | 456 ||| DRINKING 3 fuming golden potions.
   457 | D:1      | 457 ||| DROPPING scroll of butterflies.
   458 | D:1      | 458 ||| DROPPING 2 potions of degeneration.
   489 | D:2      | 489 ||| STAIRDANCE
   561 | D:2      | Reached skill level 5 in Ranged Weapons
   561 | D:2      | Reached XP level 3. HP: 19/21 MP: 3/3
   569 | D:2      | Identified the +0 robe "Ytugiuno" {rC+ Str+3 Int+3 Dex+3}
   878 | D:2      | Noticed Jessica
   885 | D:2      | Killed Jessica
   886 | D:2      | Reached skill level 3 in Fighting
   886 | D:2      | Reached XP level 4. HP: 23/28 MP: 4/4
  1049 | D:2      | Noticed Robin
  1064 | D:2      | Killed Robin
  1314 | D:2      | 1314 ||| UPGRADING to +0 robe "Ytugiuno" {rC+ Str+3 Int+3
                  | Dex+3}.
  1324 | D:2      | 1324 ||| DROPPING +0 leather armour.
  1325 | D:2      | 1325 ||| UPGRADING to +0 pair of boots.
  1330 | D:2      | 1330 ||| UPGRADING to +0 helmet.
  1335 | D:2      | 1335 ||| READING scroll labelled VUUCA EL POMNU.
  1336 | D:2      | 1336 ||| DRINKING 2 white potions.
  1367 | D:2      | 1367 ||| READING 3 scrolls of identify.
  1367 | D:2      | 1367 ||| IDENTIFYING inky potion
  1368 | D:2      | 1368 ||| DROPPING potion of lignification.
  1497 | D:3      | Reached skill level 1 in Armour
  1562 | D:3      | Reached XP level 5. HP: 32/32 MP: 5/5
  1922 | D:3      | Found Vuffamp's Antique Armour Shoppe.
  1932 | D:3      | 1932 ||| SHOPLISTING runed ring mail (154 gold, have 130).
  2040 | D:3      | 2040 ||| UPGRADING to ring of see invisible.
  2041 | D:3      | 2041 ||| READING 2 scrolls labelled NAONNET SOOMOMN.
  2044 | D:3      | 2044 ||| READING scroll labelled ZANY ANYSEUWE.
  2068 | D:3      | 2068 ||| READING scroll labelled TOCYN LIOLE.
  2069 | D:3      | 2069 ||| READING 2 scrolls of identify.
  2069 | D:3      | 2069 ||| IDENTIFYING fizzy green potion
  2070 | D:3      | 2070 ||| DROPPING potion of brilliance.
  2370 | D:4      | Found a snail-covered altar of Cheibriados.
  2371 | D:4      | Found a blossoming altar of Fedhas.
  2512 | D:4      | Noticed an acid dragon
  2528 | D:4      | HP: 7/32 [acid dragon (4)]
  2529 | D:4      | 2529 ||| READING scroll of teleportation.
  2678 | D:4      | Reached skill level 6 in Ranged Weapons
  2806 | D:4      | Killed from afar by an acid dragon

Levels and vault maps discovered:
D:1:      lightli_arrival_quake, layout_basic
D:2:      layout_loops_corners, uniq_robin, uniq_jessica
D:3:      layout_basic, serial_shops, nicolae_shop_statue_plus,
          nicolae_half_adder
D:4:      cheibrodos_barr_body, layout_layer_cave, nicolae_overflow_squiral,
          ebering_ghost_sewer_d, serial_bayou, serial_bayou_lagoon_a,
          serial_bayou_ford_a, serial_bayou_crossing, serial_bayou_shore_b,
          uniq_natasha, uniq_grinder

Skill      XL: |  1  2  3  4  5 |
---------------+----------------+-----
Ranged Weapons | 5 6 |  6.0
Fighting       | 3 |  3.4
Armour         | 1 |  1.0
Dodging        | |  1.5
Stealth        | |  1.1

Action                     |  1- 3 |  4- 6 || total
---------------------------+-------+-------++-------
   Fire: Shortbow          |    77 |   165 ||   242
    Use: Scroll            |     2 |     7 ||     9
         Potion            |     1 |     1 ||     2
 Armour: Leather armour    |    21 |     9 ||    30
         Robe              |       |    35 ||    35
  Dodge: Dodged            |    16 |    43 ||    59

Table legend:
 A = Non-vault XP
 B = Vault XP
 C = Vault XP percentage of total XP
 D = Non-vault monster count
 E = Vault monster count
 F = Vault count percentage of total count
                 A         B        C        D         E       F
            +---------+---------+-------+---------+---------+-------
      Total |     111 |     128 |  53.6 |      50 |      25 |  33.3
            +---------+---------+-------+---------+---------+-------
        D:1 |      19 |       0 |   0.0 |      10 |       0 |   0.0
        D:2 |      44 |      72 |  62.1 |      17 |      13 |  43.3
        D:3 |      31 |      40 |  56.3 |      15 |       3 |  16.7
        D:4 |      17 |      16 |  48.5 |       8 |       9 |  52.9
            +---------+---------+-------+---------+---------+-------
